cohdb
Replays
Latest Replays
All Replays
Popular Replays
Top Player Replays
Match Explorer
How It Works
Community
CoH3 Stats
Reddit
Sign in to upload your games and track your stats! →
Sign in with Steam
Match 42140893
Unlisted
Match 42140893
Overview
Messages
Build Orders
End
Construct Infanterie Kompanie
MG 42 Machine Gun Team
Grenadier Squad
Selects Terror Battlegroup
Selects Machine Gun Camouflage
GrW 34 Mortar Team
Grenadier Squad
Infanterie Officer Quarters
Grenadier Squad
Medical Station
Selects Contempt for the Weak
Construct Panzergrenadier Kompanie
WNator
ErotikGerhardt
Nelfurion
DibbeTC
Rhetorical
KitLKC
0
0
Comments
sign in to comment!
No comments posted yet!